 Dungeon Crawl Stone Soup version 0.27.1-33-g824d729ab1 (webtiles) character file.

Game seed: 8636837824741616036

35 Unglued128 the Firebug (level 3, -5/24 HPs)
             Began as a Demonspawn Fire Elementalist on Nov 29, 2021.
             Slain by Terence (9 damage)
             ... on level 1 of the Dungeon.
             The game lasted 00:11:17 (1685 turns).

Unglued128 the Firebug (DsFE)                       Turns: 1685, Time: 00:11:18

Health: -5/24      AC:  4    Str:  8    XL:     3   Next: 16%
Magic:  2/6        EV: 12    Int: 17    God:
Gold:   56         SH:  0    Dex: 13    Spells: 6/7 levels left

rFire    . . .     SeeInvis .   h - +3 whip
rCold    . . .     Faith    .   (no shield)
rNeg     . . .     Spirit   .   a - +0 robe
rPois    .         Reflect  .   (helmet restricted)
rElec    .         Harm     .   (no cloak)
rCorr    .         Rampage  .   (no gloves)
Will     .....                  (no boots)
Stlth    ++........             f - amulet of regeneration
HPRegen  1.08/turn              (no ring)
MPRegen  0.10/turn              (no ring)

@: no status effects
A: horns 1, molten scales 1
a: no special abilities


You were on level 1 of the Dungeon.
You visited 1 branch of the dungeon, and saw 2 of its levels.

You collected 56 gold pieces.

Inventory:

Hand Weapons
 h - a +3 whip (weapon)
Missiles
 d - 13 poisoned darts (quivered)
Armour
 a - a +0 robe (worn)
Jewellery
 f - an amulet of regeneration (around neck)
Scrolls
 b - a scroll of enchant armour {unknown}
Potions
 c - a potion of might


   Skills:
 + Level 2.1 Dodging
 - Level 1.7 Stealth
 * Level 2.6 Spellcasting
 + Level 1.5 Conjurations
 + Level 3.0 Fire Magic


You had 6 spell levels left.
You knew the following spells:

 Your Spells              Type           Power      Damage    Failure   Level
a - Foxfire               Conj/Fire      40%        2x1d6     7%          1

Your spell library contained the following spells:

 Spells                   Type           Power      Damage    Failure   Level
 Pain                     Necr           8%         1d4       19%         1
 Conjure Flame            Conj/Fire      10%        6-21      22%         3
 Inner Flame              Hex/Fire       7%         N/A       30%         3
 Sticky Flame             Conj/Fire      10%        2d3       56%         4
 Fireball                 Conj/Fire      5%         3d5       89%         5
 Agony                    Necr           2%         N/A       99%         5
 Excruciating Wounds      Necr           1%         N/A       99%         5


Dungeon Overview and Level Annotations

Branches:
Dungeon (2/15)

Altars:

Annotations:
D:1 Terence


Innate Abilities, Weirdness & Mutations

You have a pair of small horns on your head.
You are partially covered in molten scales. (AC +2)


Message History

Casting: Foxfire (safe; 7% risk of failure)
Confirm with . or Enter, or press ? or * to list all spells.
You conjure some foxfire!
Terence barely misses you.
Casting: Foxfire (safe; 7% risk of failure)
Confirm with . or Enter, or press ? or * to list all spells.
You conjure some foxfire!
The foxfire hits Terence but does no damage.
Terence is heavily wounded.
The endoplasm hits you. Terence misses you. Terence barely misses you.
You hit Terence but do no damage.
Terence is heavily wounded.
The foxfire hits Terence but does no damage.
Terence is heavily wounded.
The foxfire hits Terence.
Terence is severely wounded.
The endoplasm barely misses you. Terence misses you. The endoplasm freezes you.
You are frozen.
Terence hits you with a +2 short sword of speed!
Your magical contamination has completely faded away.
The endoplasm jiggles.
There is an escape hatch in the ceiling here.
Terence hits you with a +2 short sword of speed.
A mysterious force pulls you upwards. The hatch slams shut behind you.
You hit Terence but do no damage.
Terence is severely wounded.
Terence closely misses you. Terence barely misses you.
You hit Terence but do no damage.
Terence is severely wounded.
Terence hits you but does no damage.
You barely miss Terence.
Terence is severely wounded.
Terence hits you with a +2 short sword of speed!
Terence hits you with a +2 short sword of speed.
You hit Terence.
Terence is almost dead.
Terence hits you with a +2 short sword of speed.
* * * LOW HITPOINT WARNING * * *
Terence hits you with a +2 short sword of speed!
You die...

####### ......# #####.#
#.######### #.#.......#
#.#.#####.## ### #####.#.#
##...####.#####
#.......###.....##.#.#..#
..###...........@@###...#####
###########.....##.#.##.#...###
...............####.###.'.<.'.#
##.##.######..## #.# ###...#.#
##.##.# #..# #.# #####.# ##.##.#
#..# ##.# #.# ##.##.# #..####..#
#.### ##.##.######........###
#....
...##.##..............#######.###


You could see Terence.

Vanquished Creatures
  A dart slug (D:1)
  2 endoplasms
  2 giant cockroaches (D:1)
  5 hobgoblins
  2 kobolds
  2 quokkas
  4 ball pythons (D:1)
  6 bats
  3 frilled lizards (D:1)
  3 rats
30 creatures vanquished.

Vanquished Creatures (others)
  69 foxfires
69 creatures vanquished.

Grand Total: 99 creatures vanquished

Notes
Turn   | Place    | Note
-------+----------+-------------------------------------------
     0 | D:1      | Unglued128 the Demonspawn Fire Elementalist began the quest
                  | for the Orb.
     0 | D:1      | Reached XP level 1. HP: 13/13 MP: 3/3
   158 | D:1      | Found a faded altar of an unknown god.
   226 | D:1      | Gained mutation: You are partially covered in molten
                  | scales. (AC +2) [demonic ancestry]
   226 | D:1      | Reached XP level 2. HP: 19/19 MP: 1/5
  1448 | D:2      | Gained mutation: You have a pair of small horns on your
                  | head. [demonic ancestry]
  1448 | D:2      | Reached XP level 3. HP: 24/24 MP: 3/6
  1616 | D:2      | Reached skill level 3 in Fire Magic
  1651 | D:2      | Noticed Terence
  1685 | D:1      | Slain by Terence

Illustrated notes

Levels and vault maps discovered:
D:1:      dpeg_arrival_tiny_h, layout_loops_ring, basic_ecumenical_altar,
          minmay_cut_off
D:2:      layout_basic, lexackson_kobold_supper, uniq_terence

Skill      XL: |  1  2  3 |
---------------+----------+-----
Dodging        | 2 |  2.1
Fire Magic     | 3 |  3.0
Stealth        | |  1.7
Spellcasting   | |  2.6
Conjurations   | |  1.5

Action                   || total
-------------------------++-------
Melee: Whip              ||    30
       Rapier            ||     2
 Cast: Foxfire           ||    45
  Use: Scroll            ||     3
 Stab: Sleeping          ||     1
Armor: Robe              ||    12
Dodge: Dodged            ||    26
